 Dungeon Crawl Stone Soup version 0.30-a0-738-g116ff8c4af (webtiles) character file.

Game seed: 13870296266280366699

290 kiwi3s the Chopper (level 6, -5/52 HPs)
             Began as a Minotaur Berserker on Feb 3, 2023.
             Was a Priest of Trog.
             Slain by Menkaure (17 damage)
             ... on level 4 of the Dungeon.
             The game lasted 00:02:38 (3242 turns).

kiwi3s the Chopper (Minotaur Berserker)             Turns: 3242, Time: 00:02:38

Health: -5/52      AC:  6    Str: 23    XL:     6   Next: 9%
Magic:  5/5        EV: 10    Int:  4    God:    Trog [***...]
Gold:   184        SH:  0    Dex: 10    Spells: 5/5 levels left

rFire   . . .      SeeInvis .    a - +0 hand axe
rCold   . . .      Faith    +    (no shield)
rNeg    . . .      Spirit   .    s - +0 scale mail
rPois   .          Reflect  .    (helmet restricted)
rElec   .          Harm     .    (no cloak)
rCorr   .          Rampage  .    (no gloves)
Will    .....                    (no boots) Stlth
                                 f - amulet of faith
HPRegen 0.28/turn                (no ring)
MPRegen 0.09/turn                (no ring)

@: no status effects
A: horns 2, retaliatory headbutt
a: Renounce Religion, Berserk, Trog's Hand


You were on level 4 of the Dungeon.
You worshipped Trog.
Trog was most pleased with you.
You visited 1 branch of the dungeon, and saw 4 of its levels.

You collected 184 gold pieces.

Inventory:

Hand Weapons
 a - a +0 hand axe (weapon)
 r - a +3 vampiric scythe
Armour
 b - a +0 animal skin
 s - a +0 scale mail (worn)
Jewellery
 f - an amulet of faith (around neck)
 t - a ring of magical power
Scrolls
 d - 3 scrolls of blinking {unknown}
 g - 3 scrolls of noise {unknown}
 i - a scroll of immolation {unknown}
 j - 2 scrolls of fog {unknown}
 k - 2 scrolls of fear {unknown}
 l - a scroll of teleportation {unknown}
 n - 6 scrolls of identify {unknown}
 q - a scroll of magic mapping {unknown}
 u - a scroll of brand weapon {unknown}
Potions
 c - a potion of attraction {unknown}
 e - 2 potions of might {unknown}
 h - 2 potions of curing {unknown}
 m - a potion of brilliance {unknown}
 o - a potion of cancellation {unknown}
 p - a potion of invisibility {unknown}
 v - a potion of lignification {unknown}


   Skills:
 - Level 4.2 Fighting
 + Level 7.8 Axes
 - Level 2.5 Armour
 - Level 2.5 Dodging


You had 5 spell levels left.
You didn't know any spells.
Your spell library was empty.

Dungeon Overview and Level Annotations

Branches:
Dungeon (4/15)
 Temple: D:4-7

Altars:
The Shining One

Annotations:
D:4 1 transporter, Menkaure


Innate Abilities, Weirdness & Mutations

You have a pair of horns on your head.
You reflexively headbutt those who attack you in melee.


Message History

Key pressed, stopping explore.
No target in view!
No target in view!
Found a transporter.
No target in view!
You open the door.
There is an open door here.
You open the door.
There is an open door here.
As you open the door, it creaks loudly!
Menkaure, Prince of Dust comes into view.
Found a scroll labelled MOKERI LOEM.
There is an open door here.
Menkaure is nearby!
Menkaure misses you.
Menkaure is nearby!
You hit Menkaure.
Menkaure is lightly damaged.
Menkaure hits you!!
Menkaure is nearby!
You slash Menkaure! Your headbutt misses Menkaure.
Menkaure is heavily damaged.
Menkaure's ankle releases a plume of dust as he confides, "I'm not really a mummy, you know."
Menkaure barely misses you.
You hit Menkaure.
Menkaure is severely damaged.
You hit Menkaure.
Menkaure is almost destroyed.
Menkaure calls on the powers of darkness!
Your body is wracked with pain!
Unknown command.
You hit Menkaure.
Menkaure is almost destroyed.
Menkaure gestures at you while chanting.
Pain shoots through your body!
* * * LOW HITPOINT WARNING * * *
You hit Menkaure but do no damage.
Menkaure is almost destroyed.
Menkaure hits you!
You die...

# #######.#
#......?.
#......#
#......#
#####......#
#...'@.....+
#.###.M....#
#.# #......#
#.# ########
#.# #.# #.#
#.# #.#


You could see Menkaure.

Vanquished Creatures
  Sigmund (D:2)
  Jessica (D:2)
  Terence (D:2)
  An adder (D:2)
  2 worms (D:2)
  2 dart slugs
  5 endoplasms
  A giant cockroach (D:3)
  7 goblins
  3 hobgoblins
  7 jackals
  8 kobolds
  4 quokkas
  4 ball pythons
  5 bats
  6 frilled lizards
  5 rats
63 creatures vanquished.

Notes
Turn   | Place    | Note
-------+----------+-------------------------------------------
     0 | D:1      | kiwi3s the Minotaur Berserker began the quest for the Orb.
     0 | D:1      | Reached XP level 1. HP: 19/19 MP: 0/0
   171 | D:1      | Reached skill level 4 in Axes
   171 | D:1      | Reached XP level 2. HP: 27/27 MP: 1/1
   911 | D:2      | Noticed Jessica
   916 | D:2      | Killed Jessica
   917 | D:2      | Reached XP level 3. HP: 21/33 MP: 2/2
   994 | D:2      | Reached ** piety under Trog
   997 | D:2      | Reached skill level 5 in Axes
  1062 | D:2      | Noticed Terence
  1074 | D:2      | Killed Terence
  1075 | D:2      | Reached XP level 4. HP: 26/40 MP: 3/3
  1466 | D:2      | Reached skill level 6 in Axes
  1562 | D:2      | Noticed Sigmund
  1570 | D:2      | Killed Sigmund
  1571 | D:2      | Reached skill level 7 in Axes
  1571 | D:2      | Reached XP level 5. HP: 39/46 MP: 4/4
  1571 | D:2      | Reached XP level 6. HP: 44/52 MP: 5/5
  2928 | D:3      | Found a glowing golden altar of the Shining One.
  3133 | D:4      | Reached *** piety under Trog
  3175 | D:4      | Found a transporter.
  3234 | D:4      | Noticed Menkaure
  3242 | D:4      | Slain by Menkaure

Illustrated notes

Levels and vault maps discovered:
D:1:      onia_arrival_pyramid, layout_loops_corners
D:2:      layout_basic, uniq_sigmund, uniq_terence, uniq_jessica
D:3:      layout_basic, tso_altar
D:4:      gammafunk_steamed_eel, layout_basic, uniq_crazy_yiuf_cottage,
          uniq_menkaure

Skill      XL: |  1  2  3  4 |
---------------+-------------+-----
Axes           | 4 5 7 |  7.8
Fighting       | 4 |  4.2
Armour         | |  2.5
Dodging        | |  2.5

Action                     |  1- 3 |  4- 6 || total
---------------------------+-------+-------++-------
  Melee: Hand axe          |    52 |    61 ||   113
         Headbutt          |     5 |    10 ||    15
 Invoke: Berserk           |     1 |       ||     1
   Stab: Sleeping          |     1 |       ||     1
 Armour: Animal skin       |     9 |     4 ||    13
         Scale mail        |       |    13 ||    13
  Dodge: Dodged            |    50 |    31 ||    81

Table legend: (Time is in decaauts)
 A = Elapsed time spent in this place.
 B = Non-inter-level travel time spent in this place.
 C = Inter-level travel time spent in this place.
 D = Time resting spent in this place.
 E = Time spent auto-exploring this place.
 F = Levels seen in this place.
 G = Mean time per level.
                   A        B        C        D        E       F      G
               +--------+--------+--------+--------+--------+-----+--------+
         Total |   3247 |   3083 |    164 |     33 |   2725 |   4 |  811.8 |
       Dungeon |   3247 |   3083 |    164 |     33 |   2725 |   4 |  811.8 |
               +--------+--------+--------+--------+--------+-----+--------+

Top non-repeatable levels by time:
     D:2: 1102 daAuts
     D:3: 1002 daAuts
     D:1: 908 daAuts
     D:4: 233 daAuts
